 Dungeon Crawl Stone Soup version 0.31-a0-940-gdaa99269f9 (webtiles) character file.

Game seed: 3085902701555369389

14 Barriton the Conjurer (level 2, 0/20 HPs)
             Began as a Draconian Conjurer on Oct 20, 2023.
             Slain by a gnoll
             ... wielding a +4 flail
              (3 damage)
             ... on level 1 of the Dungeon.
             The game lasted 00:00:26 (566 turns).

Barriton the Conjurer (Draconian Conjurer)           Turns: 566, Time: 00:00:27

Health: 0/20       AC:  4    Str:  9    XL:     2   Next: 27%
Magic:  0/5        EV: 12    Int: 18    God:
Gold:   15         SH:  0    Dex:  9    Spells: 4/5 levels left

rFire   . . .        (no weapon)
rCold   . . .        (no shield)
rNeg    . . .        (body armour unavailable)
rPois   .            (helmet restricted)
rElec   .            (no cloak)
rCorr   .            (no gloves)
SInv    .            (no boots)
Will    .....        (no amulet)
Stlth   ++           (no ring)
HPRegen 0.23/turn    (no ring)
MPRegen 0.09/turn

%: no passive effects
@: no status effects
A: AC +4, unfitting armour, cold-blooded
a: no special abilities


You were on level 1 of the Dungeon.
You visited 1 branch of the dungeon, and saw 1 of its levels.

You collected 15 gold pieces.

Inventory:

Scrolls
 b - a scroll of blinking {unknown}
 c - 2 scrolls of identify {unknown}
 d - a scroll of fear {unknown}
 f - a scroll of vulnerability {unknown}
 g - a scroll of teleportation {unknown}
 i - a scroll of butterflies {unknown}
Potions
 a - a potion of magic
 e - a potion of cancellation {unknown}
 h - a potion of curing {unknown}
 j - a potion of berserk rage {unknown}


   Skills:
 + Level 1.8 Dodging
 + Level 1.8 Stealth
 + Level 2.0 Spellcasting
 + Level 4.5 Conjurations


You had 4 spell levels left.
You knew the following spells:

 Your Spells              Type           Power      Damage    Failure   Level
a - Magic Dart            Conj           72%        1d6       2%          1

Your spell library contained the following spells:

 Spells                   Type           Power      Damage    Failure   Level
 Searing Ray              Conj           36%        2d5       4%          2
 Dazzling Flash           Conj/Hex       20%        N/A       22%         3
 Fulminant Prism          Conj/Hex       5%         3d6       56%         4
 Iskenderun's Mystic Bla  Conj/Tloc      10%        2d4       56%         4


Dungeon Overview and Level Annotations

Branches:
Dungeon (1/15)

Altars:


Innate Abilities, Weirdness & Mutations

Your plain brown scales are hard. (AC +4)
You cannot fit into any form of body armour.
You are cold-blooded and may be slowed by cold attacks.


Message History

You now have 15 gold pieces (gained 6).
i - a scroll labelled ZEREPH XORPH
Found 6 datura-tipped darts.
You see here a jackal corpse.
Found a faded altar of an unknown god.
j - a golden potion You see here a jackal corpse.
You open the door.
You see here a quokka skeleton.
A gnoll comes into view. It is wielding a +4 flail.
The gnoll shouts!
The magic dart hits the gnoll but does no damage.
The gnoll barely misses you.
The magic dart hits the gnoll.
The gnoll is moderately wounded.
The gnoll barely misses you.
The magic dart hits the gnoll.
The gnoll is moderately wounded.
The gnoll hits you with a +4 flail!
The magic dart hits the gnoll.
The gnoll is heavily wounded.
The gnoll barely misses you.
The magic dart hits the gnoll.
The gnoll is severely wounded.
The gnoll hits you with a +4 flail!
Ouch! That really hurt!
* * * LOW HITPOINT WARNING * * *
You are too injured to fight recklessly!
You are too injured to fight recklessly!
You hit the gnoll.
The gnoll is severely wounded.
The gnoll closely misses you.
You hit the gnoll.
The gnoll is severely wounded.
The gnoll barely misses you.
You hit the gnoll.
You tail-slap the gnoll, but do no damage.
The gnoll is almost dead.
The gnoll hits you with a +4 flail.
You die...

#......#.#
..###
#.####.#.#
...+..
#....#.#
..†###
#.#..#.#
#...
#.#....#
#.##...#
#.##...#
#.#......
#@########
#.g......
.........
##########


You could see a gnoll.

Vanquished Creatures
  A giant cockroach (D:1)
  2 goblins (D:1)
  2 hobgoblins (D:1)
  2 jackals (D:1)
  A quokka (D:1)
  3 ball pythons (D:1)
11 creatures vanquished.

Notes
Turn   | Place    | Note
-------+----------+-------------------------------------------
     0 | D:1      | Barriton the Draconian Conjurer began the quest for the
                  | Orb.
     0 | D:1      | Reached XP level 1. HP: 14/14 MP: 3/3
   254 | D:1      | Reached XP level 2. HP: 20/20 MP: 3/5
   493 | D:1      | Found a faded altar of an unknown god.
   566 | D:1      | Slain by a gnoll

Illustrated notes

Levels and vault maps discovered:
D:1:      ncdulo_watergridlock, layout_basic, basic_ecumenical_altar

Action                     || total
---------------------------++-------
  Melee: Unarmed           ||     3
         Tailslap          ||     1
   Cast: Magic Dart        ||    26
 Armour: Skin              ||     5
  Dodge: Dodged            ||     5

Table legend: (Time is in decaauts)
 A = Elapsed time spent in this place.
 B = Non-inter-level travel time spent in this place.
 C = Inter-level travel time spent in this place.
 D = Time resting spent in this place.
 E = Time spent auto-exploring this place.
 F = Levels seen in this place.
 G = Mean time per level.
                   A        B        C        D        E       F      G
               +--------+--------+--------+--------+--------+-----+--------+
         Total |    566 |    566 |      0 |      0 |    513 |   1 |  566.0 |
       Dungeon |    566 |    566 |      0 |      0 |    513 |   1 |  566.0 |
               +--------+--------+--------+--------+--------+-----+--------+

Top non-repeatable levels by time:
     D:1: 566 daAuts
